[Event "3rd Memorial Warakomska 2019"]
[Site "Suwalki"]
[Date "2019.08.07"]
[Round "4.41"]
[White "Bommini Mounika Akshaya"]
[Black "Sharankov, Grigory"]
[Result "0-1"]
[ECO "D00"]
[WhiteElo "2063"]
[BlackElo "2221"]
[Annotator "NA"]
[PlyCount "56"]
[EventDate "2019.08.05"]
[EventType "swiss"]
[EventCountry "POL"]
[SourceTitle "playchess.com"]
[Source "ChessBase"]
[SourceQuality "1"]
[TimeControl "40/5400+30:1800+30"]

1. d4 d5 2. Bf4 c5 3. e3 Nc6 4. c3 Qb6 5. Qb3 c4 6. Qc2 e5 7. dxe5 Bf5 8. Qc1 g5 9. Bg3 h5 10. h3 Bg7 11. Nf3 g4 12. Nd4 Nge7 13. hxg4 hxg4 14. Rxh8+ Bxh8 15. Be2 Bxe5 16. Bxe5 Nxe5 17. Nxf5 Nxf5 18. Nd2 g3 19. Nf1 gxf2+ 20. Kxf2 O-O-O 21. Qd2 Qh6 22. Rd1 Qh4+ 23. Kg1 Qe4 24. Kf2 Nh4 25. Kg1 Nf5 26. Bh5 Rg8 27. Qxd5 Rxg2+ 28. Kh1 Rg8+ {Kg1} 0-1

[Event "3rd Memorial Warakomska 2019"]
[Site "Suwalki"]
[Date "2019.08.07"]
[Round "4.42"]
[White "Bukojemski, Adam"]
[Black "Dmochowska, Agnieszka"]
[Result "1-0"]
[ECO "B32"]
[WhiteElo "2225"]
[BlackElo "2126"]
[Annotator "NA"]
[PlyCount "71"]
[EventDate "2019.08.05"]
[EventType "swiss"]
[EventCountry "POL"]
[SourceTitle "playchess.com"]
[Source "ChessBase"]
[SourceQuality "1"]
[TimeControl "40/5400+30:1800+30"]

1. e4 c5 2. Nf3 Nc6 3. d4 cxd4 4. Nxd4 e5 5. Nb5 d6 6. N1c3 a6 7. Na3 b5 8. Nd5 Nge7 9. c4 Nd4 10. Be3 Nxd5 11. cxd5 g6 12. Bxd4 exd4 13. Qxd4 f6 14. Bd3 Bg7 15. f4 O-O 16. f5 gxf5 17. exf5 Qa5+ 18. Kd1 Bh6 19. Nb1 Bb7 20. Re1 Rac8 21. Nc3 b4 22. Ne4 b3 23. Nc3 Rc5 24. Ke2 Qc7 25. axb3 Qg7 26. Kf1 Kh8 27. Re2 a5 28. Rae1 Rg8 29. g3 Qg5 30. Re6 Qh5 31. Kg2 Bc8 32. Rxd6 Rc7 33. Qe4 Bd2 34. Re2 Bxc3 35. bxc3 Rxc3 36. Qd4 1-0

[Event "3rd Memorial Warakomska 2019"]
[Site "Suwalki"]
[Date "2019.08.07"]
[Round "4.43"]
[White "Balinski, Damian"]
[Black "Oborski, Artur"]
[Result "1-0"]
[ECO "A15"]
[WhiteElo "2176"]
[BlackElo "1969"]
[Annotator "NA"]
[PlyCount "43"]
[EventDate "2019.08.05"]
[EventType "swiss"]
[EventCountry "POL"]
[SourceTitle "playchess.com"]
[Source "ChessBase"]
[SourceQuality "1"]
[TimeControl "40/5400+30:1800+30"]

1. c4 Nf6 2. g3 d5 3. cxd5 Nxd5 4. Bg2 g6 5. Qb3 Nb6 6. Qc3 f6 7. d4 Bg7 8. e4 O-O 9. Ne2 e5 10. Be3 Nc6 11. O-O f5 12. dxe5 Nxe5 13. Bd4 Qe7 14. Bc5 Qf7 15. Bxf8 Kxf8 16. f4 Ng4 17. e5 Nd5 18. Qc5+ Ne7 19. h3 Nh6 20. Qxc7 Be6 21. Bxb7 Re8 22. Nbc3 1-0

[Event "3rd Memorial Warakomska 2019"]
[Site "Suwalki"]
[Date "2019.08.07"]
[Round "4.44"]
[White "Jankowiak, Tomasz"]
[Black "Korbal, Arkadiusz"]
[Result "1-0"]
[ECO "C80"]
[WhiteElo "2104"]
[BlackElo "2178"]
[Annotator "NA"]
[PlyCount "145"]
[EventDate "2019.08.05"]
[EventType "swiss"]
[EventCountry "POL"]
[SourceTitle "playchess.com"]
[Source "ChessBase"]
[SourceQuality "1"]
[TimeControl "40/5400+30:1800+30"]

1. e4 e5 2. Nf3 Nc6 3. Bb5 a6 4. Ba4 Nf6 5. O-O Nxe4 6. d4 b5 7. Bb3 d5 8. dxe5 Be6 9. Be3 Be7 10. c3 Na5 11. Nd4 O-O 12. f3 Nxb3 13. axb3 Nc5 14. b4 Nb7 15. f4 Bd7 16. f5 Bg5 17. Qc1 Bxe3+ 18. Qxe3 Qh4 19. Nd2 Rfe8 20. Rae1 a5 21. Rf4 Qh6 22. Qg3 axb4 23. cxb4 Nd6 24. Re2 Ra1+ 25. Kf2 Nc4 26. Rh4 Qb6 27. N2b3 Rd1 28. f6 g6 29. Qf4 Nxe5 30. Rxe5 Rb1 31. Rxe8+ Bxe8 32. Qe5 Rxb2+ 33. Kg3 Qb8 34. Rf4 h6 35. Rf2 Rb1 36. Rc2 Bd7 37. Qxc7 Qxc7+ 38. Rxc7 Bf5 39. Nd2 Rxb4 40. Nxf5 gxf5 41. Nf3 Re4 42. Rc5 f4+ 43. Kf2 Kh7 44. Rxb5 Kg6 45. Rxd5 Ra4 46. Nd4 Kxf6 47. Rf5+ Kg6 48. Rxf4 Ra2+ 49. Kg3 Ra3+ 50. Nf3 Rb3 51. Rc4 Ra3 52. Kf4 Ra2 53. g4 Kg7 54. h4 Rf2 55. h5 Rf1 56. Rc6 Ra1 57. Nd4 Ra4 58. Rd6 Kh7 59. Kg3 Ra3+ 60. Kh4 Ra1 61. Nf5 Rh1+ 62. Kg3 Rg1+ 63. Kf3 Rf1+ 64. Kg2 Rf4 65. Kg3 Ra4 66. Rxh6+ Kg8 67. Rb6 Rc4 68. Kh4 Kh7 69. Kg5 Ra4 70. Rb7 Kg8 71. Nh6+ Kg7 72. Rxf7+ Kh8 73. Nf5 1-0

[Event "3rd Memorial Warakomska 2019"]
[Site "Suwalki"]
[Date "2019.08.07"]
[Round "4.45"]
[White "Czarniecka, Aleksandra"]
[Black "Leskiewicz, Ignacy"]
[Result "1/2-1/2"]
[ECO "B92"]
[WhiteElo "2042"]
[BlackElo "2120"]
[Annotator "ChessBase"]
[PlyCount "114"]
[EventDate "2019.08.05"]
[EventType "swiss"]
[EventCountry "POL"]
[SourceTitle "playchess.com"]
[Source "ChessBase"]
[SourceQuality "1"]
[TimeControl "40/5400+30:1800+30"]

1. e4 c5 2. Nf3 d6 3. d4 cxd4 4. Nxd4 Nf6 5. Nc3 a6 6. Be2 e5 7. Nb3 Be7 8. Bg5 Be6 9. Bxf6 Bxf6 10. Qd3 Nc6 11. O-O-O Be7 12. Kb1 O-O 13. Nd5 Bxd5 14. Qxd5 Qc7 15. c3 Rfd8 16. Nd2 b5 17. Nf1 Bg5 18. Ng3 Ne7 19. Qb3 Qc5 20. Bf3 Rab8 21. Rd3 b4 22. Rhd1 Nc6 23. Ne2 Qxf2 24. c4 g6 25. Rxd6 Nd4 26. Rxd8+ Rxd8 27. Nxd4 exd4 28. Qd3 Bf4 29. Rf1 Qe3 30. Qxe3 dxe3 31. g3 Be5 32. Rd1 Rc8 33. b3 Bb8 34. Kc2 Kg7 35. Rd7 h5 36. Kd3 h4 37. gxh4 Bxh2 38. Kxe3 Rh8 39. Rb7 a5 40. Rb5 Bc7 41. h5 Rd8 42. hxg6 fxg6 43. Rd5 Bb6+ 44. Kf4 Rf8+ 45. Kg4 Bc7 46. e5 Rf5 47. Rd7+ Rf7 48. e6 Rxd7 49. exd7 Kf6 50. c5 Bd8 51. Kf4 Ke6 52. c6 Kd6 53. Ke3 Kc5 54. Kd3 Bc7 55. Ke3 Bd8 56. Kf4 Kd6 57. Be4 Bf6 1/2-1/2

[Event "3rd Memorial Warakomska 2019"]
[Site "Suwalki"]
[Date "2019.08.07"]
[Round "4.46"]
[White "Checiak, Krzysztof"]
[Black "Szczurek, Krzysztof"]
[Result "0-1"]
[ECO "B92"]
[WhiteElo "2057"]
[BlackElo "2104"]
[Annotator "NA"]
[PlyCount "58"]
[EventDate "2019.08.05"]
[EventType "swiss"]
[EventCountry "POL"]
[SourceTitle "playchess.com"]
[Source "ChessBase"]
[SourceQuality "1"]
[TimeControl "40/5400+30:1800+30"]

1. e4 c5 2. Nf3 d6 3. d4 cxd4 4. Nxd4 Nf6 5. Nc3 a6 6. Be2 e5 7. Nb3 Be7 8. O-O O-O 9. a4 Be6 10. f4 exf4 11. Bxf4 Nc6 12. Kh1 Qb6 13. Nd5 Bxd5 14. exd5 Ne5 15. a5 Qc7 16. Ra4 Ng6 17. Be3 Rac8 18. c3 Qd7 19. Rb4 Rfe8 20. c4 Ne5 21. Qd4 Rb8 22. Bf4 Ng6 23. Bg3 Bf8 24. Bd3 Nh5 25. Be1 Ngf4 26. Bc3 Qg4 27. Be4 Ng3+ 28. hxg3 Qh5+ 29. Kg1 Ne2+ 0-1

[Event "3rd Memorial Warakomska 2019"]
[Site "Suwalki"]
[Date "2019.08.07"]
[Round "4.48"]
[White "Nowak, Lukasz"]
[Black "Maj, Pawel"]
[Result "1/2-1/2"]
[ECO "E71"]
[WhiteElo "2264"]
[BlackElo "2127"]
[Annotator "NA"]
[PlyCount "69"]
[EventDate "2019.08.05"]
[EventType "swiss"]
[EventCountry "POL"]
[SourceTitle "playchess.com"]
[Source "ChessBase"]
[SourceQuality "1"]
[TimeControl "40/5400+30:1800+30"]

1. d4 Nf6 2. c4 g6 3. Nc3 Bg7 4. e4 d6 5. h3 O-O 6. Be3 e5 7. d5 a5 8. g4 Na6 9. Nge2 h5 10. f3 Nh7 11. Rg1 hxg4 12. hxg4 Bf6 13. Qd2 Bh4+ 14. Kd1 Bg5 15. Nc1 Bxe3 16. Qxe3 Qg5 17. Kd2 Bd7 18. Be2 Nc5 19. Nd3 b6 20. b3 Qxe3+ 21. Kxe3 Ng5 22. Rh1 Kg7 23. Rh2 Rh8 24. Rah1 Rxh2 25. Rxh2 Nxd3 26. Bxd3 Rh8 27. Rxh8 Kxh8 28. a3 Kg7 29. b4 axb4 30. axb4 Kf6 31. Bc2 Ke7 32. Ba4 Bc8 33. Nb5 Bd7 34. Nc3 Bc8 35. Nb5 1/2-1/2

[Event "3rd Memorial Warakomska 2019"]
[Site "Suwalki"]
[Date "2019.08.08"]
[Round "5.1"]
[White "Goluch, Piotr"]
[Black "Markowski, Tomasz"]
[Result "0-1"]
[ECO "B42"]
[WhiteElo "2386"]
[BlackElo "2537"]
[Annotator "ChessBase"]
[PlyCount "83"]
[EventDate "2019.08.05"]
[EventType "swiss"]
[EventCountry "POL"]
[SourceTitle "playchess.com"]
[Source "ChessBase"]
[SourceQuality "1"]
[TimeControl "40/5400+30:1800+30"]

1. e4 c5 2. Nf3 e6 3. d4 cxd4 4. Nxd4 a6 5. Bd3 Nf6 6. O-O d6 7. a4 b6 8. Nd2 Be7 9. a5 e5 10. Ne2 b5 11. c4 O-O 12. Nc3 Nc6 13. cxb5 axb5 14. Bxb5 Nd4 15. Bd3 Rxa5 16. Rxa5 Qxa5 17. Nc4 Qc5 18. Bg5 Be6 19. Qa4 Rb8 20. Bxf6 Bxf6 21. b4 Qc6 22. b5 Qc5 23. Rb1 g6 24. b6 Bh4 25. Qb4 Nf3+ 26. Kh1 Bxc4 27. Qxc4 Qxc4 28. Bxc4 Nd2 29. Rb4 Bxf2 30. Bb5 Bxb6 31. Bc6 Ba7 32. Nb5 Bc5 33. Rb2 Nc4 34. Ra2 Kg7 35. g3 h5 36. Kg2 Ne3+ 37. Kf3 Ng4 38. h3 Nf6 39. Ra6 Kh6 40. h4 Kg7 41. Ke2 Nxe4 42. Bxe4 0-1

[Event "3rd Memorial Warakomska 2019"]
[Site "Suwalki"]
[Date "2019.08.08"]
[Round "5.2"]
[White "Zakhartsov, Viacheslav V."]
[Black "Harsha Bharathakoti"]
[Result "1/2-1/2"]
[ECO "A81"]
[WhiteElo "2518"]
[BlackElo "2486"]
[Annotator "ChessBase"]
[PlyCount "50"]
[EventDate "2019.08.05"]
[EventType "swiss"]
[EventCountry "POL"]
[SourceTitle "playchess.com"]
[Source "ChessBase"]
[SourceQuality "1"]
[TimeControl "40/5400+30:1800+30"]

1. d4 f5 2. g3 Nf6 3. Bg2 g6 4. c4 Bg7 5. Nc3 O-O 6. Nf3 d6 7. O-O Qe8 8. d5 Na6 9. Rb1 Nc5 10. b4 Nce4 11. Bb2 Qf7 12. Nxe4 Nxe4 13. Qd3 a5 14. a3 axb4 15. axb4 e5 16. dxe6 Bxe6 17. Bxg7 Qxg7 18. Nd4 Bf7 19. Rfc1 Rfe8 20. e3 Qe5 21. Nb5 Ra2 22. Rc2 Ra1 23. Rcc1 Ra2 24. Rc2 Ra1 25. Rcc1 Ra2 1/2-1/2

[Event "3rd Memorial Warakomska 2019"]
[Site "Suwalki"]
[Date "2019.08.08"]
[Round "5.3"]
[White "Sadzikowski, Daniel"]
[Black "Tomczak, Jacek"]
[Result "1/2-1/2"]
[ECO "C03"]
[WhiteElo "2503"]
[BlackElo "2623"]
[Annotator "ChessBase"]
[PlyCount "34"]
[EventDate "2019.08.05"]
[EventType "swiss"]
[EventCountry "POL"]
[SourceTitle "playchess.com"]
[Source "ChessBase"]
[SourceQuality "1"]
[TimeControl "40/5400+30:1800+30"]

1. e4 e6 2. d4 d5 3. Nd2 Be7 4. Ngf3 Nf6 5. exd5 Nxd5 6. c4 Nf6 7. Be2 O-O 8. O-O b6 9. Nb1 Bb7 10. Nc3 Ne4 11. Nxe4 Bxe4 12. Bd3 Bxd3 13. Qxd3 Nd7 14. Bf4 Bd6 15. Bg5 Be7 16. Bf4 Bd6 17. Bg5 Be7 1/2-1/2

[Event "3rd Memorial Warakomska 2019"]
[Site "Suwalki"]
[Date "2019.08.08"]
[Round "5.4"]
[White "Nasuta, Grzegorz"]
[Black "Caspi, Israel"]
[Result "1/2-1/2"]
[ECO "C42"]
[WhiteElo "2529"]
[BlackElo "2458"]
[Annotator "ChessBase"]
[PlyCount "32"]
[EventDate "2019.08.05"]
[EventType "swiss"]
[EventCountry "POL"]
[SourceTitle "playchess.com"]
[Source "ChessBase"]
[SourceQuality "1"]
[TimeControl "40/5400+30:1800+30"]

1. e4 e5 2. Nf3 Nf6 3. Nxe5 d6 4. Nf3 Nxe4 5. Nc3 Nxc3 6. dxc3 Be7 7. Be3 O-O 8. Qd2 b6 9. O-O-O Bb7 10. Nd4 Nd7 11. Be2 Bf6 12. Rhg1 Nc5 13. Kb1 a6 14. Bf3 Ne4 15. Qd3 Re8 16. Ne2 Rb8 1/2-1/2

[Event "3rd Memorial Warakomska 2019"]
[Site "Suwalki"]
[Date "2019.08.08"]
[Round "5.5"]
[White "Shyam, Sundar M."]
[Black "Galperin, Platon"]
[Result "1/2-1/2"]
[ECO "A21"]
[WhiteElo "2520"]
[BlackElo "2445"]
[Annotator "ChessBase"]
[PlyCount "36"]
[EventDate "2019.08.05"]
[EventType "swiss"]
[EventCountry "POL"]
[SourceTitle "playchess.com"]
[Source "ChessBase"]
[SourceQuality "1"]
[TimeControl "40/5400+30:1800+30"]

1. c4 e5 2. Nc3 Bb4 3. Nd5 Bc5 4. e3 Nf6 5. b4 Be7 6. Nxe7 Qxe7 7. Bb2 O-O 8. Qc2 a5 9. b5 a4 10. Nf3 d6 11. d4 a3 12. Bc3 exd4 13. Nxd4 Ne4 14. Bd3 Nxc3 15. Qxc3 Nd7 16. O-O Nc5 17. Rac1 Be6 18. Rfd1 Qf6 1/2-1/2

[Event "3rd Memorial Warakomska 2019"]
[Site "Suwalki"]
[Date "2019.08.08"]
[Round "5.6"]
[White "Malakhatko, Vadim"]
[Black "Jakubowski, Krzysztof"]
[Result "1-0"]
[ECO "A09"]
[WhiteElo "2462"]
[BlackElo "2528"]
[Annotator "ChessBase"]
[PlyCount "49"]
[EventDate "2019.08.05"]
[EventType "swiss"]
[EventCountry "POL"]
[SourceTitle "playchess.com"]
[Source "ChessBase"]
[SourceQuality "1"]
[TimeControl "40/5400+30:1800+30"]

1. Nf3 d5 2. c4 d4 3. b4 g5 4. Nxg5 e5 5. Ne4 f5 6. Nc5 a5 7. e3 Nf6 8. Be2 Rg8 9. O-O axb4 10. Nd3 Nc6 11. Bb2 Be6 12. exd4 Nxd4 13. Nxe5 f4 14. Bh5+ Ke7 15. Re1 Ra5 16. d3 Bh6 17. Nd2 Kf8 18. Nb3 Bh3 19. g3 fxg3 20. hxg3 Nf5 21. Kh2 Be3 22. Rxe3 Nxe3 23. Qf3 Bg4 24. Bxg4 Rxe5 25. Bh3 1-0

[Event "3rd Memorial Warakomska 2019"]
[Site "Suwalki"]
[Date "2019.08.08"]
[Round "5.7"]
[White "Kosakowski, Jakub"]
[Black "Zakhartsov, Vladimir"]
[Result "1/2-1/2"]
[ECO "B27"]
[WhiteElo "2394"]
[BlackElo "2493"]
[Annotator "ChessBase"]
[PlyCount "80"]
[EventDate "2019.08.05"]
[EventType "swiss"]
[EventCountry "POL"]
[SourceTitle "playchess.com"]
[Source "ChessBase"]
[SourceQuality "1"]
[TimeControl "40/5400+30:1800+30"]

1. e4 c5 2. Nf3 g6 3. d4 Bg7 4. dxc5 Qa5+ 5. Bd2 Qxc5 6. Nc3 Nf6 7. Be2 d6 8. O-O O-O 9. h3 Be6 10. Be3 Qc8 11. Qd2 Bc4 12. Rfe1 Bxe2 13. Rxe2 Rd8 14. Bh6 Bh8 15. Rd1 Nbd7 16. Qf4 Re8 17. Qh4 Qc4 18. Nd4 Rac8 19. Re3 Qb4 20. Nf5 Ne5 21. Rg3 Rxc3 22. bxc3 Qxe4 23. Qg5 Qxc2 24. Rd4 Nc6 25. Rf4 Ne4 26. Rxe4 Qxe4 27. Re3 Qxf5 28. Qxf5 gxf5 29. Rg3+ Bg7 30. Rxg7+ Kh8 31. Rxf7 Ne5 32. Rxf5 Rc8 33. Be3 Kg7 34. Bd4 Kg6 35. g4 Nc6 36. Be3 Ne5 37. Bd4 e6 38. Rf4 Nd7 39. Bxa7 Rxc3 40. Be3 Ra3 1/2-1/2

[Event "3rd Memorial Warakomska 2019"]
[Site "Suwalki"]
[Date "2019.08.08"]
[Round "5.8"]
[White "Pavlov, Sergey"]
[Black "Kaczmarek, Aleksander"]
[Result "1/2-1/2"]
[ECO "A04"]
[WhiteElo "2486"]
[BlackElo "2389"]
[Annotator "ChessBase"]
[PlyCount "111"]
[EventDate "2019.08.05"]
[EventType "swiss"]
[EventCountry "POL"]
[SourceTitle "playchess.com"]
[Source "ChessBase"]
[SourceQuality "1"]
[TimeControl "40/5400+30:1800+30"]

1. Nf3 c5 2. c4 g6 3. d4 Bg7 4. e4 Qb6 5. dxc5 Qxc5 6. Be2 d6 7. O-O Nc6 8. h3 Be6 9. Nbd2 Nd4 10. Nxd4 Qxd4 11. Qa4+ Bd7 12. Qb3 Nf6 13. Bd3 O-O 14. Nf3 Qc5 15. Re1 b6 16. Bf4 Nh5 17. Be3 Qc8 18. Bf1 Bc6 19. Bd4 e5 20. Bc3 Qb7 21. Bb4 Rfd8 22. Rad1 Bf8 23. Qe3 Nf4 24. g3 Ne6 25. Bc3 Bg7 26. b4 Qe7 27. h4 Rac8 28. Ra1 Rf8 29. Nd2 Ba8 30. a4 f5 31. a5 f4 32. Qd3 g5 33. Nf3 fxg3 34. fxg3 bxa5 35. Rxa5 gxh4 36. Nxh4 Nf4 37. gxf4 Qxh4 38. f5 Qg4+ 39. Bg2 Rxf5 40. Qe2 Qxe2 41. Rxe2 Rf7 42. Bh3 Re8 43. Bf5 Rc7 44. Bd2 Bf6 45. Ra6 Kf7 46. Rf2 Bh4 47. Rh2 Rg8+ 48. Kf1 Be7 49. Rxh7+ Rg7 50. Rxg7+ Kxg7 51. Be3 Rxc4 52. Rxa7 Bxe4 53. Be6 Rxb4 54. Bg5 Rb7 55. Rxb7 Bxb7 56. Bxe7 1/2-1/2

[Event "3rd Memorial Warakomska 2019"]
[Site "Suwalki"]
[Date "2019.08.08"]
[Round "5.9"]
[White "Hnydiuk, Aleksander"]
[Black "Karthik Venkataraman"]
[Result "1/2-1/2"]
[ECO "A33"]
[WhiteElo "2412"]
[BlackElo "2480"]
[Annotator "ChessBase"]
[PlyCount "145"]
[EventDate "2019.08.05"]
[EventType "swiss"]
[EventCountry "POL"]
[SourceTitle "playchess.com"]
[Source "ChessBase"]
[SourceQuality "1"]
[TimeControl "40/5400+30:1800+30"]

1. Nf3 Nf6 2. c4 c5 3. d4 cxd4 4. Nxd4 Nc6 5. Nc3 e6 6. g3 Qb6 7. Ndb5 Ne5 8. Bg2 a6 9. Qa4 Rb8 10. Be3 Bc5 11. Bxc5 Qxc5 12. Qa3 b6 13. Nd6+ Ke7 14. Qxc5 bxc5 15. Nxc8+ Rhxc8 16. b3 d5 17. cxd5 c4 18. b4 exd5 19. Bxd5 Rxb4 20. O-O-O Neg4 21. Rdf1 Rcb8 22. h3 Ne5 23. Rd1 Ned7 24. Rd2 Nc5 25. Bf3 a5 26. Rhd1 Na4 27. Nxa4 Rxa4 28. Rb2 Rxb2 29. Kxb2 Rb4+ 30. Kc3 Nd7 31. Rd5 Ra4 32. Kb2 Nb6 33. Rc5 Rb4+ 34. Kc2 Ra4 35. Kb2 Rb4+ 36. Kc2 Ra4 37. Rc7+ Kf8 38. Rb7 Rb4 39. Bc6 a4 40. Kc3 Rb1 41. Kc2 Rb4 42. Kc3 Rb1 43. Kd4 c3 44. Kd3 a3 45. Kc2 Rb4 46. Ra7 Rb2+ 47. Kxc3 Rxa2 48. Ra6 Rxe2 49. Rxb6 Rxf2 50. Ra6 Rh2 51. Rxa3 Rxh3 52. Kd4 g6 53. Bd5 Kg7 54. Rf3 f5 55. Ke5 Rh2 56. Rc3 Re2+ 57. Kf4 Re7 58. Rc6 Ra7 59. Ke5 Re7+ 60. Be6 Ra7 61. Rc5 Rb7 62. Ra5 Rc7 63. Rb5 Ra7 64. Bd5 Re7+ 65. Kf4 Ra7 66. Kg5 Rd7 67. Rb7 Rxb7 68. Bxb7 h6+ 69. Kf4 Kf6 70. Bc8 h5 71. Bd7 g5+ 72. Kf3 h4 73. gxh4 1/2-1/2

[Event "3rd Memorial Warakomska 2019"]
[Site "Suwalki"]
[Date "2019.08.08"]
[Round "5.10"]
[White "Iturrizaga Bonelli, Eduardo"]
[Black "Tihonov, Jurij"]
[Result "1/2-1/2"]
[ECO "A30"]
[WhiteElo "2625"]
[BlackElo "2393"]
[Annotator "ChessBase"]
[PlyCount "135"]
[EventDate "2019.08.05"]
[EventType "swiss"]
[EventCountry "POL"]
[SourceTitle "playchess.com"]
[Source "ChessBase"]
[SourceQuality "1"]
[TimeControl "40/5400+30:1800+30"]

1. c4 c5 2. Nf3 g6 3. d4 cxd4 4. Nxd4 Nc6 5. e4 Nf6 6. Nc3 d6 7. Be2 Nxd4 8. Qxd4 Bg7 9. Be3 O-O 10. Qd2 a5 11. Rc1 a4 12. f3 Qa5 13. Rc2 Bd7 14. O-O Rfd8 15. Rb1 Be6 16. b4 axb3 17. axb3 Qb4 18. Nb5 Qxd2 19. Rxd2 Nd7 20. Nc7 Rac8 21. Nxe6 fxe6 22. b4 b6 23. f4 e5 24. g3 Rb8 25. Rb3 Bh6 26. Kg2 Rf8 27. Bg4 exf4 28. gxf4 Nf6 29. Bf3 Ne8 30. Kg3 Ng7 31. Bg4 Ra8 32. Rf2 Rab8 33. Rd3 Rb7 34. Bd4 Rc7 35. Rc3 Rb7 36. h4 Kf7 37. f5 Nh5+ 38. Kh3 Nf4+ 39. Kg3 Nh5+ 40. Kh3 Nf4+ 41. Kh2 e5 42. fxe6+ Ke7 43. Rcf3 Nxe6 44. Bf6+ Rxf6 45. Rxf6 Nd8 46. h5 Bg7 47. R6f3 Ra7 48. hxg6 hxg6 49. Rh3 Ke8 50. Kg2 Nf7 51. Rb3 Ng5 52. Rg3 Kd8 53. Bf5 gxf5 54. Rxg5 fxe4 55. Re2 Re7 56. Rg4 Kd7 57. Rexe4 Rxe4 58. Rxe4 Kc6 59. Re7 Bc3 60. b5+ Kc5 61. Rc7+ Kd4 62. Rc6 Bb4 63. Rxb6 Kxc4 64. Rb8 Kc5 65. Kf3 Ba5 66. Ke4 d5+ 67. Kd3 Bb6 68. Rxb6 1/2-1/2

[Event "3rd Memorial Warakomska 2019"]
[Site "Suwalki"]
[Date "2019.08.08"]
[Round "5.11"]
[White "Stupak, Kirill"]
[Black "Grib, Roman"]
[Result "1/2-1/2"]
[ECO "D78"]
[WhiteElo "2560"]
[BlackElo "2421"]
[Annotator "ChessBase"]
[PlyCount "68"]
[EventDate "2019.08.05"]
[EventType "swiss"]
[EventCountry "POL"]
[SourceTitle "playchess.com"]
[Source "ChessBase"]
[SourceQuality "1"]
[TimeControl "40/5400+30:1800+30"]

1. Nf3 Nf6 2. g3 g6 3. c4 c6 4. d4 Bg7 5. Bg2 d5 6. O-O O-O 7. b3 dxc4 8. bxc4 c5 9. Bb2 Qb6 10. Qb3 Nfd7 11. Nc3 Nc6 12. Nd5 Qxb3 13. axb3 Rb8 14. e3 b5 15. Ra2 bxc4 16. bxc4 e6 17. Nf4 Rd8 18. Ba1 cxd4 19. exd4 Nb6 20. c5 Nd5 21. Nxd5 exd5 22. Ne5 Bxe5 23. dxe5 a5 24. Rc1 Be6 25. Ra3 Rb4 26. f4 Rdb8 27. Kf2 Kf8 28. Bf1 Rb3 29. Rxb3 Rxb3 30. Rc3 Rb1 31. Ra3 Rc1 32. Bc3 Rc2+ 33. Ke1 Rc1+ 34. Kf2 Rc2+ 1/2-1/2

[Event "3rd Memorial Warakomska 2019"]
[Site "Suwalki"]
[Date "2019.08.08"]
[Round "5.12"]
[White "Licznerski, Lukasz"]
[Black "Greenfeld, Alon"]
[Result "0-1"]
[ECO "B22"]
[WhiteElo "2328"]
[BlackElo "2522"]
[Annotator "ChessBase"]
[PlyCount "116"]
[EventDate "2019.08.05"]
[EventType "swiss"]
[EventCountry "POL"]
[SourceTitle "playchess.com"]
[Source "ChessBase"]
[SourceQuality "1"]
[TimeControl "40/5400+30:1800+30"]

1. e4 c5 2. c3 d5 3. exd5 Qxd5 4. d4 Nf6 5. Nf3 e6 6. Na3 Nc6 7. Be2 Be7 8. Nb5 Qd8 9. dxc5 Bxc5 10. Qxd8+ Kxd8 11. Bf4 Ke7 12. b4 Nd5 13. Bg5+ f6 14. bxc5 fxg5 15. Nxg5 a6 16. Nd4 Nxc3 17. Nxc6+ bxc6 18. Bf3 Ra7 19. Kd2 Nd5 20. Rab1 a5 21. Rhc1 Nb4 22. Rc3 Rd7+ 23. Ke1 Rhd8 24. a3 Nd3+ 25. Kf1 Ba6 26. Kg1 Ne5 27. Re1 Nxf3+ 28. Rxf3 Rd1 29. Rfe3 Bc4 30. f4 R8d3 31. Rxd3 Rxe1+ 32. Kf2 Ra1 33. Re3 Ra2+ 34. Kg1 Bd5 35. g3 Rg2+ 36. Kf1 Rxh2 37. f5 Rh5 38. Nxe6 Rxf5+ 39. Nf4+ Kf6 40. Kg1 g5 41. Ne2 Rf3 42. Rxf3+ Bxf3 43. Nd4 Bd5 44. Kf2 Ke5 45. Ke3 h5 46. Ne2 Bc4 47. Nd4 Bd5 48. Ne2 Kf5 49. Nd4+ Kg4 50. Kf2 h4 51. gxh4 gxh4 52. Nc2 Kf4 53. Nd4 Ke5 54. Ne2 Ke4 55. Ng1 Kd4 56. Nh3 Kxc5 57. Nf4 Kc4 58. Ng6 h3 0-1

[Event "3rd Memorial Warakomska 2019"]
[Site "Suwalki"]
[Date "2019.08.08"]
[Round "5.13"]
[White "Gurbanov, Andrei"]
[Black "Matviishen, Viktor"]
[Result "1/2-1/2"]
[ECO "D10"]
[WhiteElo "2305"]
[BlackElo "2495"]
[Annotator "ChessBase"]
[PlyCount "72"]
[EventDate "2019.08.05"]
[EventType "swiss"]
[EventCountry "POL"]
[SourceTitle "playchess.com"]
[Source "ChessBase"]
[SourceQuality "1"]
[TimeControl "40/5400+30:1800+30"]

1. d4 d5 2. c4 c6 3. cxd5 cxd5 4. Nc3 Nf6 5. Bf4 Nc6 6. e3 a6 7. Bd3 g6 8. h3 Bg7 9. Nf3 O-O 10. O-O Bf5 11. Bxf5 gxf5 12. Rc1 e6 13. Ne5 Nxe5 14. Bxe5 Nd7 15. Bg3 Rc8 16. Qd3 Qa5 17. Rc2 Rc6 18. Rfc1 Rfc8 19. b3 Nf6 20. Na4 Ne4 21. Rxc6 Rxc6 22. Rxc6 bxc6 23. Bh4 f4 24. f3 Bf6 25. fxe4 Bxh4 26. Qe2 dxe4 27. Nc5 f5 28. Nxe6 fxe3 29. Qxe3 Qxa2 30. Nc5 Qa5 31. Qf4 Qa1+ 32. Kh2 Qxd4 33. Qxf5 Qd6+ 34. Kh1 Qd1+ 35. Kh2 Qd6+ 36. Kh1 Qd1+ 1/2-1/2

[Event "3rd Memorial Warakomska 2019"]
[Site "Suwalki"]
[Date "2019.08.08"]
[Round "5.14"]
[White "Janik, Igor"]
[Black "Pniaczek, Marek"]
[Result "1-0"]
[ECO "D77"]
[WhiteElo "2495"]
[BlackElo "2276"]
[Annotator "ChessBase"]
[PlyCount "94"]
[EventDate "2019.08.05"]
[EventType "swiss"]
[EventCountry "POL"]
[SourceTitle "playchess.com"]
[Source "ChessBase"]
[SourceQuality "1"]
[TimeControl "40/5400+30:1800+30"]

1. d4 Nf6 2. c4 g6 3. Nf3 Bg7 4. g3 d5 5. Bg2 O-O 6. O-O Nc6 7. cxd5 Nxd5 8. Nc3 e5 9. Bg5 Nxc3 10. bxc3 f6 11. Be3 e4 12. Nd2 f5 13. f3 exf3 14. Bxf3 Na5 15. Rc1 Re8 16. Bf2 Be6 17. Qa4 c6 18. Rfe1 Bh6 19. e3 b5 20. Qb4 Bf8 21. Qb1 Bd5 22. e4 fxe4 23. Nxe4 Nc4 24. Re2 Bh6 25. Rce1 Rf8 26. Bg2 Kh8 27. Qc2 Na3 28. Qd1 Nc4 29. Qd3 Qd7 30. Nc5 Qf7 31. Bxd5 Qxd5 32. g4 Bf4 33. Bg3 Bxg3 34. Qxg3 Qf3 35. Qh4 g5 36. Qh5 Rae8 37. Qxe8 Rxe8 38. Rxe8+ Kg7 39. R8e7+ Kg8 40. Re8+ Kg7 41. Ne6+ Kh6 42. Rf8 Qxg4+ 43. Kh1 Kg6 44. Nxg5 Qd7 45. Rg1 Qd5+ 46. Ne4+ Kh6 47. Rf6+ Kh5 1-0

[Event "3rd Memorial Warakomska 2019"]
[Site "Suwalki"]
[Date "2019.08.08"]
[Round "5.15"]
[White "Szpar, Milosz"]
[Black "Barski, Radoslaw"]
[Result "1-0"]
[ECO "C78"]
[WhiteElo "2289"]
[BlackElo "2468"]
[Annotator "ChessBase"]
[PlyCount "79"]
[EventDate "2019.08.05"]
[EventType "swiss"]
[EventCountry "POL"]
[SourceTitle "playchess.com"]
[Source "ChessBase"]
[SourceQuality "1"]
[TimeControl "40/5400+30:1800+30"]

1. e4 e5 2. Nf3 Nc6 3. Bb5 a6 4. Ba4 Nf6 5. O-O b5 6. Bb3 Bb7 7. Re1 Bc5 8. c3 d6 9. d4 Bb6 10. a4 O-O 11. h3 h6 12. d5 Ne7 13. Be3 Bxe3 14. Rxe3 c6 15. dxc6 Bxc6 16. Nbd2 Qc7 17. Bc2 Rfe8 18. Qe1 Rab8 19. axb5 axb5 20. Nf1 d5 21. Ng3 dxe4 22. Nxe4 Nfd5 23. Re2 Nf4 24. Rd2 f5 25. Nd6 Bxf3 26. Nxe8 Rxe8 27. gxf3 Nxh3+ 28. Kf1 Qc4+ 29. Bd3 Qh4 30. Ke2 e4 31. Bxb5 Qh5 32. Kd1 Rf8 33. Ra7 Nc8 34. Rb7 Qxf3+ 35. Be2 Nxf2+ 36. Qxf2 Qxf2 37. Bc4+ Kh8 38. Rxf2 Nd6 39. Rb4 f4 40. Bd5 1-0